 Dungeon Crawl Stone Soup version 0.26.0-10-g1f06aea511 (webtiles) character file.

Game seed: 4686686333518426470

11 mopl the Sneak (level 2, -1/21 HPs)
             Began as an Octopode Delver on Jan 20, 2021.
             Was an Initiate of Cheibriados.
             Slain by a gnoll (9 damage)
             ... on level 4 of the Dungeon.
             The game lasted 00:00:56 (288 turns).

mopl the Sneak (Octopode Delver)                     Turns: 288, Time: 00:00:57

Health: -1/21      AC:  1    Str: 12    XL:     2   Next: 25%
Magic:  2/2        EV: 13    Int: 13    God:    Cheibriados [......]
Gold:   8          SH:  0    Dex: 14    Spells: 1/1 levels left

rFire    . . .     SeeInvis .     - Unarmed
rCold    . . .     Faith    +   (no shield)
rNeg     . . .     Spirit   .   (helmet restricted)
rPois    .         Reflect  .   g - amulet of faith {!P}
rElec    .         Harm     .   (no ring)
rCorr    .         Rampage  .   (no ring)
Will     .....                  (no ring)
Stlth    +++++.....             (no ring)
HPRegen  0.07/turn              (no ring)
MPRegen  0.08/turn              (no ring)
                                (no ring)
                                (no ring)

@: very slow
A: almost no armour, stealthy swim, amphibious, 8 rings, constrict 8, camouflage
1, gelatinous body 1
a: Renounce Religion, Bend Time


You were on level 4 of the Dungeon.
You worshipped Cheibriados.
Cheibriados was noncommittal.
You visited 2 branches of the dungeon, and saw 3 of its levels.

You collected 8 gold pieces.

Inventory:

Jewellery
 g - an amulet of faith (around mantle) {!P}
Wands
 e - a wand of digging (3)
Scrolls
 a - a scroll of fog
 b - a scroll of magic mapping
 c - a scroll of fear
 f - a scroll of remove curse {unknown}
 h - a scroll of immolation {unknown}
 i - a scroll of teleportation {unknown}
 j - a scroll of identify {unknown}
Potions
 d - a potion of haste


   Skills:
 + Level 3.1 Fighting
 + Level 2.2 Dodging
 - Level 6.6 Stealth
 * Level 2.4 Unarmed Combat
 + Level 0.0 Invocations


You had one spell level left.
You didn't know any spells.
Your spell library was empty.

Dungeon Overview and Level Annotations

Branches:
Dungeon (5/15)             Temple (1/1) D:5

Altars:
Cheibriados
Dithmenos
Elyvilon
Gozag
Kikubaaqudgha
Okawaru
Qazlal
Ru
Uskayaw
Vehumet
Xom
Yredelemnul


Innate Abilities, Weirdness & Mutations

You cannot wear most types of armour.
You are very stealthy in the water. (Stealth+)
You are amphibious.
You can wear up to eight rings at the same time.
You can use your tentacles to constrict eight enemies at once.
Your skin changes colour to match your surroundings (Stealth+).
Your rubbery body absorbs attacks. (AC +1, EV +1)


Message History

A jackal comes into view.
There is a stone staircase leading down here.
Found a scroll of magic mapping.
A jackal and a gnoll come into view.
A leopard gecko comes into view.
You tentacle-slap the gnoll. Your grab misses the gnoll. You squeeze the gnoll.
The gnoll is moderately wounded.
The gnoll hits you.
The jackal barks!
You tentacle-slap the gnoll. Your grab misses the gnoll.
The gnoll is almost dead.
The gnoll hits you!
An adder comes into view.
You are too injured to fight recklessly!
The adder hisses angrily.
The leopard gecko hisses angrily.
You tentacle-slap the gnoll but do no damage.
You grab the gnoll.
The gnoll is almost dead.
You constrict the gnoll. The gnoll hits you!
You die...

++############# g.#
..............# .g# ≈
..≈≈≈≈≈≈≈≈≈≈≈≈#####≈≈
..≈≈≈≈≈@≈≈≈≈≈≈≈≈≈≈≈≈≈
..≈≈≈hg≈≈≈≈≈≈≈≈≈≈≈≈
........h..........
....l...#......#.
S.......#....>##
........#.....#
........#...........
.###############..?.
...


You could see a gnoll, an adder, a leopard gecko and 2 jackals.

Vanquished Creatures
  An adder (D:5)
  A leopard gecko (D:5)
2 creatures vanquished.

Notes
Turn   | Place    | Note
-------+----------+-------------------------------------------
     0 | D:5      | mopl the Octopode Delver began the quest for the Orb.
     0 | D:5      | Reached XP level 1. HP: 16/16 MP: 1/1
    31 | D:5      | Noticed a jelly
    67 | D:5      | Reached XP level 2. HP: 16/21 MP: 2/2
   147 | D:5      | Found a staircase to the Ecumenical Temple.
   162 | Temple   | Entered the Ecumenical Temple
   237 | Temple   | Became a worshipper of Cheibriados the Contemplative
   288 | D:4      | Slain by a gnoll

Illustrated notes

Levels and vault maps discovered:
D:4:      lemuel_castle_with_subvaults [lemuel_castle_interior_original],
          layout_gridville, serial_shops, shop_fountains, dk_noncrumbling_3,
          kennysheep_small_square
D:5:      layout_gridville, grunt_temple_overflow_open, fedhas_altar_fruit_tree,
          minmay_temple_entry_wispy, nicolae_qazlal_general_emergency
Temple:   regret_index_temple_sphere_string

Action                   || total
-------------------------++-------
Melee: Unarmed           ||    10
       Constrict         ||     2
       Tentacles         ||     2
 Stab: Sleeping          ||     1
Dodge: Dodged            ||     7
